 Dungeon Crawl Stone Soup version 0.13-a0-2942-g3a822f8 (webtiles) character file.

88 4tharraofdagon the Firebug (level 3, 0/26 HPs)
             Began as a Demigod Fire Elementalist on Sept 5, 2013.
             Succumbed to a worker ant's poison
             ... on Level 5 of the Dungeon.
             The game lasted 00:03:19 (728 turns).

4tharraofdagon the Firebug (DgFE)                    Turns: 728, Time: 00:03:20

HP   0/26        AC 12     Str  7      XL: 3   Next:  8%
MP   9/9         EV  1     Int 22 (24) God:
Gold 51          SH  0     Dex 21      Spells:  2 memorised,  1 level left

Res.Fire  : . . .   See Invis. : .   e - +0 hand axe
Res.Cold  : . . .   Warding    : .   h - +4 chain mail of Trog's Approval {Str-4 De Life Prot.: . . . Conserve : . (no shield)
Res.Poison: .       Res.Corr.  : .   (no helmet)
Res.Elec. : .       Clarity    : .   (no cloak)
Sust.Abil.: . .     Spirit.Shd : .   (no gloves)
Res.Mut.  : .       Rnd.Telep. : +   (no boots)
Res.Rott. : .       Flight     : .   (no amulet)
Saprovore : . . .                    (no ring)
                                     f - cursed ring of teleportation

@: mildly poisoned, slightly resistant to hostile enchantments, extremely
unstealthy
A: no striking features
a: Evoke Teleportation


You were on level 5 of the Dungeon.
You were not hungry.

You visited 1 branch of the dungeon, and saw 5 of its levels.

You collected 31 gold pieces.

Inventory:

Hand weapons
 e - a +0,+0 hand axe (weapon)
Armour
 a - a +0 robe
 h - the cursed +4 chain mail of Trog's Approval (worn) {Str-4 Dex+4 Int+4}
   (You found it on level 4 of the Dungeon)

   It affects your strength (-4).
   It affects your intelligence (+4).
   It affects your dexterity (+4).
   It has a curse placed upon it.
Comestibles
 c - 2 bread rations
 d - a pear
 g - a choko
 j - an apple
 l - 2 chunks of worm flesh
Jewellery
 f - a cursed ring of teleportation (left hand)
Books
 b - a book of Flames

   Spells                             Type                      Level
   *Flame Tongue                      Conjuration/Fire             1
   Throw Flame                        Conjuration/Fire             2
   *Conjure Flame                     Conjuration/Fire             3
   Inner Flame                        Hexes/Fire                   3
   Sticky Flame                       Conjuration/Fire             4
   Fireball                           Conjuration/Fire             5


   Skills:
 - Level 1.7 Dodging
 - Level 1.7 Stealth
 * Level 1.8 Spellcasting
 + Level 1.2 Conjurations
 + Level 3.3 Fire Magic


You had one spell level left.
You knew the following spells:

 Your Spells              Type           Power        Failure   Level  Hunger
a - Flame Tongue          Conj/Fire      ##...        100%        1    #......
b - Conjure Flame         Conj/Fire      ##......     100%        3    ###....


Dungeon Overview and Level Annotations

Branches:
Dungeon (5/27)
 Temple: D:4-7


Message History

The worker ant is heavily wounded.
You feel sick.
The worker ant bites you but does no damage.
The worker ant bites you.
* * * LOW HITPOINT WARNING * * *
You are more poisoned.
The worker ant poisons you!
You are too injured to fight recklessly!
You are too injured to fight recklessly!
You are too injured to fight recklessly!
You hit the worker ant.
The worker ant is heavily wounded.
The worker ant bites you.
* * * LOW HITPOINT WARNING * * *
You are more poisoned.
The worker ant poisons you! The worker ant bites you.
* * * LOW HITPOINT WARNING * * *
You hit the worker ant but do no damage.
The worker ant is heavily wounded.
You die...

... .........
#..........
#...........
#.....?......
#..........
#........#
#....a...#
#....@...#
#........#
#........#
#....#####
#...)# #....#
♣♣♣
#....##♣♣♣♣
#......f♣♣♣
#.......f♣♣♣


You could see a worker ant.

Vanquished Creatures
  An adder (D:4)
  A worm (D:4)
  4 bats (D:1)
  4 giant cockroaches
  A goblin (D:3)
  3 hobgoblins
  3 kobolds
  4 giant newts
  A rat (D:2)
22 creatures vanquished.

Notes
Turn   | Place    | Note
--------------------------------------------------------------
     0 | D:1      | 4tharraofdagon, the Demigod Fire Elementalist, began the quest for the Orb.
     0 | D:1      | Reached XP level 1. HP: 14/14 MP: 5/5
    33 | D:1      | Reached skill level 1 in Conjurations
   232 | D:1      | Reached skill level 3 in Fire Magic
   232 | D:1      | Reached XP level 2. HP: 10/20 MP: 3/6
   398 | D:1      | 400turns on d:1
   477 | D:4      | Found a shimmering altar of Xom.
   614 | D:4      | Reached XP level 3. HP: 14/26 MP: 7/9
   619 | D:4      | Learned a level 3 spell: Conjure Flame
   626 | D:4      | Got a faintly glowing chain mail
   640 | D:4      | Identified the cursed +4 chain mail of Trog's Approval {Str-4 Dex+4 Int+4} (You found it on level 4 of the Dungeon)
   692 | D:5      | Entered Level 5 of the Dungeon
   727 | D:5      | HP: 1/26 [worker ant (2)]
   728 | D:5      | Succumbed to a worker ant's poison

Action                   || total
-------------------------++-------
Melee: Hand axe          ||    50
       Unarmed           ||     3
 Cast: Flame Tongue      ||    29
  Use: Potion            ||     5
       Scroll            ||     4
